 Dungeon Crawl Stone Soup version 0.29-a0-323-g050149af67 (webtiles) character file.

Game seed: 15015087213121198140

128 dianekeaton the Cudgeller (level 5, -2/48 HPs)
             Began as a Gargoyle Fighter on Apr 11, 2022.
             Splashed by a jelly's acid (4 damage)
             ... on level 3 of the Dungeon.
             The game lasted 00:06:18 (2785 turns).

dianekeaton the Cudgeller (Gargoyle Fighter)        Turns: 2785, Time: 00:06:19

Health: -2/48      AC: 14    Str: 22    XL:     5   Next: 12%
Magic:  0/5        EV:  2    Int:  8    God:
Gold:   98         SH:  4    Dex:  9    Spells: 4/4 levels left

rFire   . . .      SeeInvis .   a - +0 flail
rCold   . . .      Faith    .   c - +0 buckler
rNeg    + . .      Spirit   +   (body armour currently unavailable)
rPois   ∞          Reflect  .   (helmet currently unavailable)
rElec   .          Harm     .   (cloak currently unavailable)
rCorr   .          Rampage  .   (gloves currently unavailable)
Will    .....      NoTele   +   (boots currently unavailable)
Stlth   +.........              f - amulet of guardian spirit
HPRegen 0.16/turn               g - +4 ring of evasion
MPRegen 0.09/turn               (no ring)

@: tree-form, corroded
A: stationary, stasis, torment immunity, boosted hp, sickness immunity, AC +4,
negative energy resistance 1, (electricity resistance), torment resistance 1,
petrification resistance
a: no special abilities


You were on level 3 of the Dungeon.
You were a tree.
You visited 1 branch of the dungeon, and saw 3 of its levels.

You collected 98 gold pieces.

Inventory:

Hand Weapons
 a - a +0 flail (weapon)
Missiles
 h - a poisoned dart (quivered)
Armour
 b - a +0 scale mail (melded)
 c - a +0 buckler (worn)
Jewellery
 f - an amulet of guardian spirit (around neck)
 g - a +4 ring of evasion (left branch)
 i - a ring of magical power
Scrolls
 q - a scroll of fear {unknown}
Potions
 j - a potion of lignification
 k - 2 potions of attraction {unknown}
 l - 2 potions of brilliance {unknown}
 m - 3 potions of haste {unknown}
 n - a potion of mutation {unknown}
 o - a potion of cancellation {unknown}
 p - a potion of degeneration {unknown}


   Skills:
 - Level 3.2 Fighting
 + Level 5.0 Maces & Flails
 + Level 0.2 Throwing
 - Level 3.2 Armour
 - Level 0.4 Dodging
 - Level 0.1 Stealth
 - Level 3.2 Shields


You had 4 spell levels left.
You didn't know any spells.
Your spell library was empty.

Dungeon Overview and Level Annotations

Branches:
Dungeon (3/15)

Altars:

Shops:
D:3 *


Innate Abilities, Weirdness & Mutations

You are a tree.
Your roots penetrate the ground, keeping you stationary.
You cannot be teleported.
You are immune to unholy pain and torment.
Your maximum health is greatly increased.
Your equipment is partially melded.
You are immune to sickness and miasma.
((Your stone body is resilient. (AC +4)))
You are immune to poison.
You resist negative energy. (rN+)
((You are resistant to electric shocks. (rElec)))
You are resistant to unholy torment.
You are immune to petrification.


Message History

Magic restored.
Things that are here:
a +0 dagger; a +0 ring mail; an orc corpse
There is an open door here.
You see here a giant cockroach corpse.
You open the door.
A frilled lizard, a giant cockroach, a bat and a jelly come into view.
The frilled lizard hisses angrily.
The jelly quivers.
You block the bat's attack.
Found a mace, a golden potion, a tower shield and 22 gold pieces.
You sock the bat!
You kill the bat!
You barely miss the jelly. The jelly completely misses you.
You barely miss the jelly. The jelly completely misses you.
The jelly barely misses you.
You hit the jelly. The acid corrodes you!
Your hands burn!
The jelly is lightly wounded.
The jelly hits you.
You are splashed with acid!
* * * LOW HITPOINT WARNING * * *
It was a potion of curing.
You feel better. The jelly closely misses you.
You hit the jelly but do no damage. The acid corrodes you!
Your hands burn!
The jelly is lightly wounded.
The jelly hits you.
You are splashed with acid!
* * * LOW HITPOINT WARNING * * *
It was a potion of lignification.
You turn into a tree.
Your +0 scale mail melds into your body.
Your roots penetrate the ground.
The jelly hits you but does no damage.
There are monsters nearby!
There are monsters nearby!
You thump the jelly!
Your branches burn!
* * * LOW HITPOINT WARNING * * *
The jelly is severely wounded.
The jelly hits you but does no damage.
You hit the jelly but do no damage. The acid corrodes you!
Your branches burn!
* * * LOW HITPOINT WARNING * * *
The jelly is severely wounded.
The jelly hits you but does no damage.
You hit the jelly.
Your branches burn!
You die...

#.....#....## ##'#†.##
#.....##..##.....##....#
#.....##'##$.....$#....#
#....##..##[..8..!##..##
#....#....# ..... ##'##
####..'....## ....##).##
......##..#'## lB##....#
.......####..###J#'....#
.........#...)##♣(##..##
.........#....'..†)####
.........##..##....#
..........######..##
..>........# ####
..........##
####†###..## #
###.###...###.##
##.....#.....#...


You could see a jelly, a giant cockroach and a frilled lizard.

Vanquished Creatures
  Natasha (D:3)
  A gnoll (D:3)
  An adder (D:2)
  4 worms
  2 dart slugs
  An orc (D:3)
  8 endoplasms
  2 giant cockroaches
  7 goblins
  6 hobgoblins
  7 kobolds
  4 quokkas
  5 ball pythons
  7 bats
  A frilled lizard (D:2)
  8 rats
65 creatures vanquished.

Notes
Turn   | Place    | Note
-------+----------+-------------------------------------------
     0 | D:1      | dianekeaton the Gargoyle Fighter began the quest for the
                  | Orb.
     0 | D:1      | Reached XP level 1. HP: 14/14 MP: 1/1
   671 | D:1      | Reached XP level 2. HP: 19/19 MP: 2/2
   729 | D:1      | Reached skill level 3 in Maces & Flails
   928 | D:1      | Reached XP level 3. HP: 23/23 MP: 3/3
  1906 | D:2      | Reached skill level 4 in Maces & Flails
  1927 | D:2      | Reached XP level 4. HP: 28/28 MP: 4/4
  2137 | D:3      | Noticed Natasha
  2147 | D:3      | Killed Natasha
  2384 | D:3      | Found Lan Uged's Assorted Antiques.
  2534 | D:3      | Reached XP level 5. HP: 13/32 MP: 2/5
  2756 | D:3      | Reached skill level 5 in Maces & Flails
  2784 | D:3      | HP: 2/48 [acid (3)]
  2785 | D:3      | Splashed by a jelly's acid

Illustrated notes

Levels and vault maps discovered:
D:1:      wander_arrival_fairy_ring, layout_basic, columned_hall_lemuel
D:2:      layout_basic, minmay_door_square
D:3:      minmay_bubble_buster, layout_rooms,
          shapermc_ecumenical_altar_totnotflames, serial_corexii_hall,
          chequers_hall_statues_y, chequers_hall_statues_corner_a,
          chequers_hall_statues_corner_a, corexii_hall_statues_x, serial_shops,
          shop, corner_web_ring, skrybe_limestone_x, uniq_natasha, uniq_pargi

Skill      XL: |  1  2  3  4  5 |
---------------+----------------+-----
Maces & Flails | 3 4 5 |  5.0
Fighting       | |  3.2
Throwing       | |  0.2
Armour         | |  3.2
Dodging        | |  0.4
Stealth        | |  0.1
Shields        | |  3.2

Action                   |  1- 3 |  4- 6 || total
-------------------------+-------+-------++-------
Melee: Flail             |   137 |    99 ||   236
Throw: Dart              |       |     6 ||     6
  Use: Scroll            |     3 |     1 ||     4
       Potion            |       |     3 ||     3
Armor: Scale mail        |    70 |    36 ||   106
       Skin              |       |     3 ||     3
Dodge: Dodged            |    75 |    71 ||   146
Block: Buckler           |    17 |    17 ||    34

Table legend: (Time is in decaauts)
 A = Elapsed time spent in this place.
 B = Non-inter-level travel time spent in this place.
 C = Inter-level travel time spent in this place.
 D = Time resting spent in this place.
 E = Time spent auto-exploring this place.
 F = Levels seen in this place.
 G = Mean time per level.
                   A        B        C        D        E       F      G
               +--------+--------+--------+--------+--------+-----+--------+
         Total |   2843 |   2830 |     13 |    662 |   1413 |   3 |  947.7 |
       Dungeon |   2843 |   2830 |     13 |    662 |   1413 |   3 |  947.7 |
               +--------+--------+--------+--------+--------+-----+--------+

Top non-repeatable levels by time:
     D:1: 1229 daAuts
     D:2: 949 daAuts
     D:3: 665 daAuts
